Map: 2000 Atmospheres LE

Players

Clem - Winner!

  • Race: Terran Terran

GunGFuBanDa

  • Race: Protoss Protoss

Event: DreamHack SC2 Masters 2021 Winter

VOD

Have the link to the VOD?

Description

Time

  • Played on: Sept. 30, 2021, 10:26 a.m.
  • Length: 18:42

All games in this series

Show
View Real Time Build Order
Export as new Build Order

Clem Terran - Winner!

Build Orders: Cyclone Opening 

Get SALT Encoding   

  12  0:00  SCV  
  13  0:12  SCV  
  14  0:16  Supply Depot  
  14  0:24  SCV  
  15  0:29  Refinery  
  15  0:38  SCV  
  16  0:44  Barracks  
  16  0:50  SCV  
  17  1:03  Engineering Bay  
  17  1:04  SCV  
  18  1:16  SCV  
  19  1:31  Marine  
  19  1:32  Orbital Command  
  20  1:37  Factory  
  20  1:45  Supply Depot  
  20  1:50  Barracks Reactor  
  20  1:58  SCV  
  21  2:10  SCV  
  22  2:16  Command Center  
  22  2:21  Factory Tech Lab  
  22  2:27  Marine x2  
  22  2:28  SCV  
  25  2:32  Supply Depot  
  25  2:40  Cyclone  
  25  2:44  SCV  
  29  2:47  Marine  
  29  2:49  Marine  
  31  2:56  SCV  
  32  2:59  Barracks  
  32  3:05  Refinery  
  32  3:06  Marine  
  32  3:08  Marine  
  32  3:11  SCV  
  35  3:21  Siege Tank  
  35  3:24  SCV  
  39  3:28  Marine x2  
  39  3:33  Orbital Command  
  41  3:36  SCV  
  42  3:47  Barracks Tech Lab, Marine  
  42  3:48  SCV, Marine  
  43  4:00  SCV x2  
  42  4:04  Supply Depot  
  42  4:05  Marine x2  
  42  4:07  Stimpack, Marine  
  45  4:12  SCV  
  45  4:14  SCV  
  45  4:17  Siege Tank  
  50  4:23  Marine  
  51  4:24  SCV, Marine  
  51  4:26  SCV  
  51  4:30  Engineering Bay  
  54  4:36  SCV, Marine  
  57  4:38  SCV  
  57  4:39  Starport  
  57  4:46  Bunker  
  57  4:47  Supply Depot, Marine  
  57  4:48  SCV, Marine  
  60  4:54  Marauder  
  60  4:59  Missile Turret  
  62  5:02  Refinery  
  62  5:03  Supply Depot  
  62  5:08  SCV  
  62  5:09  SCV  
  64  5:15  Factory Reactor  
  64  5:16  Marauder, Starport Reactor  
  64  5:21  SCV x2, Barracks  
  68  5:25  Marine x2  
  70  5:33  SCV  
  70  5:35  Terran Infantry Weapons Level 1  
  71  5:37  Marauder, SCV  
  71  5:40  Supply Depot, Refinery  
  74  5:43  Supply Depot  
  74  5:45  SCV  
  74  5:47  Marine  
  74  5:48  Marine  
  77  5:51  SCV  
  77  5:57  Combat Shield  
  78  6:01  Supply Depot  
  78  6:02  Marauder, SCV  
  82  6:04  SCV  
  82  6:06  Medivac  
  82  6:08  Medivac  
  82  6:10  Concussive Shells  
  85  6:14  Marauder  
  85  6:16  Marine  
  85  6:18  Widow Mine  
  90  6:20  Widow Mine  
  90  6:24  Supply Depot  
  90  6:25  Marine  
  92  6:26  Marauder  
  95  6:34  Command Center  
  95  6:39  Supply Depot  
  95  6:40  Marine  
  95  6:42  Marauder  
  95  6:44  Widow Mine  
  95  6:46  Medivac  
  102  6:48  Widow Mine  
  102  6:49  Marine  
  104  6:54  Marauder  
  104  7:00  SCV  
  104  7:01  Marine  
  98  7:02  SCV  
  98  7:06  Barracks  
  98  7:07  Marauder  
  98  7:08  Barracks  
  102  7:09  Marine  
  102  7:13  Supply Depot, SCV  
  102  7:15  SCV  
  105  7:16  Widow Mine  
  105  7:19  Medivac  
  109  7:23  Medivac  
  109  7:25  Marine x2  
  109  7:26  SCV  
  109  7:29  SCV  
  115  7:30  Terran Infantry Armor Level 1  
  115  7:35  Supply Depot  
  115  7:38  SCV  
  115  7:39  Marine  
  115  7:42  Widow Mine x2  
  121  7:47  SCV, Marine  
  121  7:48  Marauder  
  125  7:51  Supply Depot  
  125  7:52  SCV  
  125  7:57  Marauder, Medivac  
  130  8:01  Barracks Tech Lab, Barracks Reactor  
  130  8:02  Marine  
  130  8:05  Marine  
  132  8:07  Orbital Command  
  132  8:10  Marauder, SCV  
  132  8:12  SCV  
  132  8:17  Viking  
  130  8:22  SCV, Marine x2  
  130  8:25  Marauder  
  130  8:26  Viking  
  137  8:27  SCV  
  137  8:29  Marine  
  137  8:30  Supply Depot  
  141  8:34  Marauder, SCV  
  141  8:37  SCV  
  141  8:38  Marine  
  141  8:39  SCV  
  141  8:40  Marauder  
  147  8:42  Marine x2  
  147  8:44  Widow Mine x2  
  149  8:48  Marine  
  149  8:51  SCV  
  149  8:53  Marauder, SCV  
  145  8:56  Marauder  
  145  9:01  Marine x3  
  145  9:02  Medivac x2  
  147  9:04  SCV, Refinery  
  147  9:05  Marauder, SCV  
  147  9:07  SCV  
  148  9:10  Marine  
  148  9:14  Marauder  
  148  9:16  Marine  
  152  9:17  Widow Mine x2  
  152  9:19  Supply Depot  
  150  9:27  Armory  
  150  9:28  Engineering Bay  
  150  9:33  Command Center  
  150  9:38  Supply Depot  
  150  9:41  Viking x2  
  154  9:46  Supply Depot, Marine x4  
  154  9:47  Marauder  
  154  9:50  Marauder  
  164  9:52  Marauder  
  164  9:57  Refinery  
  164  9:59  Ghost Academy  
  163  10:00  Supply Depot  
  163  10:04  Marine  
  164  10:08  Widow Mine x2  
  164  10:11  Supply Depot  
  164  10:12  Marauder, Viking  
  173  10:14  Marauder  
  173  10:16  Marine x3  
  176  10:22  Viking, Marine  
  179  10:31  Ghost  
  179  10:32  Marine  
  179  10:34  Ghost  
  179  10:36  SCV x2  
  179  10:37  SCV, Marine  
  179  10:38  Marine  
  181  10:43  Viking  
  181  10:48  SCV  
  177  10:51  SCV  
  177  10:52  Viking  
  177  10:53  Missile Turret  
  177  10:54  Ghost  
  177  10:57  Terran Infantry Weapons Level 2, Terran Infantry Armor Level 2  
  182  10:59  SCV  
  182  11:00  SCV  
  184  11:06  Ghost  
  184  11:13  Viking  
  184  11:15  SCV  
  187  11:20  Terran Ship Weapons Level 1  
  187  11:22  Viking  
  187  11:24  Planetary Fortress  
  187  11:25  SCV  
  189  11:27  SCV  
  187  11:35  Barracks  
  187  11:36  Barracks  
  187  11:38  Barracks  
  187  11:40  SCV  
  187  11:43  Viking  
  187  11:44  Marauder  
  187  11:45  SCV  
  173  11:47  SCV  
  173  11:48  Ghost  
  173  11:51  Marine  
  173  11:52  Medivac, SCV  
  177  11:55  Marauder  
  177  11:59  SCV  
  172  12:04  Ghost, Marine  
  172  12:05  SCV, Marine  
  172  12:07  Widow Mine  
  154  12:10  Marine  
  154  12:11  SCV  
  154  12:13  Viking  
  154  12:14  Marine  
  132  12:15  Widow Mine  
  132  12:16  Marauder  
  132  12:17  Marauder  
  132  12:22  Viking  
  136  12:23  Marine  
  136  12:24  Barracks Tech Lab  
  136  12:25  Barracks Tech Lab x2  
  137  12:30  Marine x2  
  137  12:34  Marauder, Marine  
  137  12:36  Enhanced Shockwaves  
  142  12:37  Marauder  
  142  12:41  Marine  
  142  12:42  Marauder  
  142  12:43  Viking  
  142  12:44  Starport  
  149  12:48  Marine x2  
  149  12:50  Missile Turret  
  149  12:51  Starport  
  149  12:52  Marine  
  149  12:53  Missile Turret, Viking, Marine  
  149  12:54  Ghost  
  149  12:58  Missile Turret  
  155  12:59  Refinery  
  155  13:00  Marine  
  155  13:01  Marauder x3  
  155  13:04  Marauder  
  164  13:06  Marine  
  164  13:11  Marauder  
  164  13:12  Command Center  
  165  13:15  Marine x2  
  165  13:19  Terran Infantry Weapons Level 3  
  167  13:22  Terran Infantry Armor Level 3  
  167  13:29  Refinery  
  167  13:32  Ghost  
  167  13:33  Marine  
  170  13:34  Marine x2  
  170  13:38  Viking x2  
  170  13:40  Marine  
  170  13:41  Marauder  
  179  13:44  Marauder  
  179  13:45  Marauder  
  179  13:50  Marauder, Marine  
  179  13:54  Marine x2  
  181  14:02  Marauder, SCV  
  180  14:03  SCV  
  180  14:04  Marauder, Marine x2  
  180  14:05  Marauder, Marine  
  180  14:06  SCV  
  189  14:12  Liberator  
  189  14:15  SCV  
  191  14:19  Liberator  
  191  14:20  Liberator  
  191  14:22  Missile Turret  
  191  14:23  Marauder  
  197  14:25  Liberator  
  200  14:39  Personal Cloaking, Fusion Core  
  198  14:58  Liberator  
  193  15:01  Planetary Fortress  
  193  15:02  Liberator  
  193  15:03  SCV  
  197  15:09  SCV  
  198  15:19  Command Center  
  196  15:21  Command Center  
  196  15:23  Terran Ship Weapons Level 2, Liberator  
  199  15:35  Command Center  
  199  15:46  Marauder  
  197  15:51  Liberator  
  197  15:56  Liberator  
  196  16:02  Marauder x2, Marine, Ghost  
  196  16:03  Marine  
  196  16:04  Marauder  
  194  16:06  Liberator  
  194  16:08  Liberator  
  200  16:14  Marine x2  
  200  16:16  Marine  
  199  16:25  Hi-Sec Auto Tracking, Neosteel Armor  
  199  16:27  Advanced Ballistics, Nuke  
  199  16:31  Marine  
  198  16:33  Marine  
  180  16:43  Liberator x2, Marine x2  
  181  16:47  Marauder  
  181  16:52  Liberator  
  181  16:53  Orbital Command  
  181  16:54  Orbital Command  
  181  16:55  Marauder x2, Marine x2  
  181  16:56  Marauder  
  181  16:57  Marauder x2  
  193  17:01  Marine x2  
  193  17:07  Sensor Tower  
  193  17:08  Marine  
  194  17:09  Refinery  
  194  17:12  Refinery  
  194  17:13  Marine  
  194  17:14  Missile Turret  
  195  17:16  Marauder x2  
  199  17:23  Marine  
  200  17:32  Ghost Academy  
  198  17:39  Command Center  
  195  17:53  Orbital Command  
  195  17:55  Liberator  
  195  17:57  Ghost  
  193  17:59  Marine  
  193  18:00  Ghost  
  193  18:01  Marine  
  193  18:03  Marauder  
  176  18:13  Marauder  
  176  18:23  Barracks Tech Lab  
Show
View Real Time Build Order
Export as new Build Order

GunGFuBanDa Protoss 

Build Orders: Blink Stalkers, Colossus Rush 

Get SALT Encoding   

  12  0:00  Probe  
  13  0:13  Probe  
  14  0:25  Probe, Pylon  
  15  0:43  Probe (Chrono Boost)  
  15  0:45  Assimilator  
  15  0:48  Gateway  
  16  0:52  Probe (Chrono Boost)  
  17  0:57  Probe (Chrono Boost)  
  18  1:09  Probe (Chrono Boost)  
  19  1:13  Pylon  
  19  1:21  Probe (Chrono Boost)  
  20  1:29  Probe (Chrono Boost)  
  21  1:36  Probe  
  24  1:48  Probe  
  24  1:51  Cybernetics Core, Assimilator  
  23  2:11  Nexus  
  23  2:12  Probe  
  24  2:25  Probe  
  24  2:27  Adept (Chrono Boost)  
  27  2:31  Twilight Council  
  27  2:44  Probe  
  28  2:56  Probe  
  28  2:57  Stalker  
  31  2:58  Warp Gate  
  31  3:09  Blink  
  31  3:10  Shield Battery  
  31  3:23  Probe x2 (Chrono Boost)  
  33  3:29  Stalker  
  33  3:32  Probe x2 (Chrono Boost)  
  37  3:35  Robotics Facility  
  37  3:37  Probe x2 (Chrono Boost)  
  39  3:49  Probe x2  
  38  4:01  Probe x2  
  40  4:08  Gateway  
  40  4:13  Probe (Chrono Boost)  
  40  4:16  Probe (Chrono Boost)  
  42  4:21  Nexus  
  42  4:23  Observer  
  43  4:27  Probe (Chrono Boost), Pylon  
  43  4:29  Probe (Chrono Boost)  
  45  4:32  Probe (Chrono Boost)  
  45  4:33  Assimilator  
  45  4:36  Pylon  
  46  4:42  Assimilator  
  46  4:46  Observer  
  46  4:47  Stalker  
  46  4:48  Probe x2 (Chrono Boost)  
  51  4:52  Pylon  
  51  4:58  Shield Battery  
  53  5:01  Probe (Chrono Boost)  
  53  5:02  Probe (Chrono Boost)  
  53  5:04  Observer  
  53  5:05  Robotics Bay  
  53  5:06  Probe (Chrono Boost)  
  53  5:10  Probe  
  53  5:12  Stalker  
  53  5:13  Sentry  
  59  5:17  Probe, Charge  
  60  5:28  Gateway  
  60  5:30  Probe (Chrono Boost)  
  60  5:32  Gateway  
  60  5:33  Probe (Chrono Boost)  
  60  5:34  Probe (Chrono Boost)  
  62  5:42  Probe (Chrono Boost)  
  65  5:43  Probe x2 (Chrono Boost)  
  65  5:51  Colossus (Chrono Boost), Probe  
  72  5:58  Extended Thermal Lance, Probe  
  72  6:01  Gateway  
  72  6:02  Probe  
  74  6:10  Stalker x2  
  78  6:14  Probe x2, Pylon  
  80  6:24  Probe  
  81  6:29  Pylon  
  81  6:34  Probe x2  
  81  6:36  Colossus (Chrono Boost), Probe  
  90  6:40  Pylon  
  90  6:44  Stalker  
  92  6:47  Zealot  
  92  6:48  Zealot x2, Pylon x2  
  89  7:01  Probe  
  89  7:02  Probe  
  89  7:03  Probe  
  89  7:05  Zealot  
  89  7:06  Forge  
  94  7:09  Zealot  
  94  7:10  Zealot x2  
  94  7:12  Forge  
  94  7:14  Observer, Probe  
  94  7:15  Sentry  
  103  7:16  Colossus (Chrono Boost)  
  109  7:27  Probe  
  109  7:29  Assimilator  
  106  7:32  Pylon  
  106  7:38  Pylon  
  106  7:39  Protoss Ground Weapons Level 1  
  106  7:40  Zealot x2  
  106  7:42  Stalker x3  
  116  7:44  Protoss Ground Armor Level 1  
  116  7:47  Photon Cannon  
  116  8:01  Zealot  
  116  8:02  Zealot  
  120  8:09  Warp Prism (Chrono Boost), Probe  
  120  8:17  Photon Cannon  
  120  8:19  Assimilator  
  120  8:20  Templar Archives  
  120  8:21  Stalker x2  
  124  8:28  Zealot x2  
  124  8:29  Zealot  
  123  8:54  Probe  
  106  8:56  Zealot  
  106  8:57  Zealot x4  
  114  9:05  Probe  
  114  9:09  Colossus (Chrono Boost)  
  109  9:10  Probe x2  
  111  9:17  Probe  
  111  9:19  Stalker  
  111  9:20  Stalker x4  
  121  9:28  Probe  
  122  9:31  Pylon  
  122  9:32  Gateway, Protoss Ground Weapons Level 2 (Chrono Boost)  
  122  9:36  Dark Shrine  
  122  9:37  Gateway x2  
  122  9:38  Photon Cannon, Probe, Protoss Ground Armor Level 2 (Chrono Boost)  
  122  9:45  High Templar x2  
  127  9:50  Archon  
  127  9:52  Pylon x2  
  127  9:56  Immortal (Chrono Boost)  
  131  10:06  Probe  
  132  10:16  Observer, Pylon  
  131  10:22  Zealot x2  
  131  10:23  Zealot x3  
  139  10:32  Disruptor (Chrono Boost)  
  132  10:54  High Templar x3  
  138  10:57  Disruptor (Chrono Boost)  
  138  10:59  Zealot  
  138  11:00  Zealot x3  
  149  11:09  Photon Cannon  
  149  11:11  Photon Cannon  
  148  11:15  Nexus  
  146  11:27  Archon  
  146  11:36  Pylon  
  146  11:39  Pylon  
  146  11:41  Immortal  
  138  11:47  Probe (Chrono Boost)  
  138  11:53  Probe x2 (Chrono Boost)  
  138  11:54  Zealot x3  
  142  11:56  Probe (Chrono Boost)  
  112  12:11  Zealot x5  
  112  12:13  Photon Cannon  
  105  12:16  Photon Cannon, Shield Battery  
  105  12:20  Immortal, Protoss Ground Weapons Level 3 (Chrono Boost)  
  105  12:21  Protoss Ground Armor Level 3 (Chrono Boost)  
  109  12:25  Probe (Chrono Boost)  
  109  12:29  Observer  
  112  12:33  Probe (Chrono Boost)  
  112  12:34  Probe (Chrono Boost)  
  112  12:35  Dark Templar x2  
  112  12:36  Probe (Chrono Boost)  
  118  12:38  Probe (Chrono Boost)  
  118  12:41  Robotics Facility, Probe x2 (Chrono Boost)  
  118  12:42  Robotics Facility  
  120  12:45  Zealot x3, Sentry  
  120  12:49  Assimilator  
  124  12:54  Probe x2  
  124  12:55  Assimilator, Probe  
  125  12:59  Disruptor (Chrono Boost)  
  128  13:09  Pylon  
  128  13:14  Probe  
  128  13:15  Probe  
  128  13:18  Probe x2  
  130  13:22  Stalker x3, Zealot  
  130  13:23  Zealot x2  
  142  13:28  Dark Templar  
  142  13:29  Dark Templar  
  142  13:33  Disruptor x2 (Chrono Boost)  
  149  13:38  Probe  
  151  14:00  Disruptor x2 (Chrono Boost)  
  149  14:07  Zealot x4  
  149  14:08  Zealot x2  
  161  14:11  Zealot x2  
  161  14:17  Gateway, Probe x2  
  164  14:19  Gateway  
  163  14:27  Immortal, Gravitic Boosters, Observer  
  166  14:42  Dark Templar  
  168  14:50  Disruptor  
  164  15:01  Nexus  
  164  15:06  Immortal  
  162  15:08  Zealot x3  
  162  15:09  Zealot x3  
  171  15:20  Pylon, Shadow Stride (Chrono Boost)  
  171  15:25  Sentry x2  
  171  15:26  Immortal, High Templar x2  
  183  15:32  Archon  
  182  15:37  Photon Cannon  
  182  15:39  Photon Cannon  
  182  15:41  Pylon  
  178  15:45  Immortal  
  170  15:51  Stalker x5  
  170  15:52  Stalker  
  168  16:06  Immortal  
  164  16:21  Zealot  
  164  16:22  Zealot x2  
  167  16:27  Stalker x5  
  170  16:39  Disruptor (Chrono Boost)  
  150  16:52  Stalker x3  
  150  16:53  Observer (Chrono Boost)  
  155  17:07  Nexus  
  155  17:10  High Templar x2  
  155  17:11  High Templar x4  
  155  17:14  Archon  
  155  17:15  Archon x2  
  163  17:25  Zealot x2  
  163  17:26  Zealot  
  169  17:35  Dark Templar  
  171  17:43  Stalker x3  
  171  17:44  Stalker  
  162  17:48  Nexus  
  162  17:50  Pylon  
  162  17:56  High Templar x3  
  135  18:12  Archon  
  133  18:13  High Templar  

Tags
 
Add a new tag
Caveats
  • Supply blocks, unpowered buildings, or Contaminate may cause inaccurate times.
  • Supply counts are checked every 10 seconds.